 Dungeon Crawl Stone Soup version 0.28-a0-1415-g7c84da036a (webtiles) character file.

Game seed: 12775791411242675035

177 southernslant the Skirmisher (level 5, -2/33 HPs)
             Began as a Gargoyle Gladiator on Jan 7, 2022.
             Slain by a jelly (3 damage)
             ... on level 3 of the Dungeon.
             The game lasted 00:03:36 (2579 turns).

southernslant the Skirmisher (Gargoyle Gladiator)   Turns: 2579, Time: 00:03:36

Health: -2/33      AC:  0    Str: 18    XL:     5   Next: 57%
Magic:  5/5        EV: 12    Int:  8    God:
Gold:   67         SH:  0    Dex: 13    Spells: 4/4 levels left

rFire   . . .      SeeInvis .   a - +0 trident
rCold   . . .      Faith    .   (no shield)
rNeg    + . .      Spirit   .   b - +0 leather armour
rPois   ∞          Reflect  .   c - +0 helmet
rElec   +          Harm     .   (no cloak)
rCorr   .          Rampage  .   (no gloves)
Will    .....                   (no boots)
Stlth   +.........              (no amulet)
HPRegen 0.11/turn               (no ring)
MPRegen 0.09/turn               (no ring)

@: corroded
A: sickness immunity, AC +4, negative energy resistance 1, electricity
resistance, torment resistance 1, petrification resistance
a: no special abilities


You were on level 3 of the Dungeon.
You visited 1 branch of the dungeon, and saw 3 of its levels.

You collected 67 gold pieces.

Inventory:

Hand Weapons
 a - a +0 trident (weapon)
Missiles
 d - 3 throwing nets
 i - 41 poisoned darts (quivered)
 o - 3 atropa-tipped darts
Armour
 b - a +0 leather armour (worn)
 c - a +0 helmet (worn)
Jewellery
 f - an amulet of magic regeneration
Scrolls
 g - a scroll of blinking {unknown}
 h - a scroll of silence {unknown}
 j - 2 scrolls of magic mapping {unknown}
 k - a scroll of noise {unknown}
 n - a scroll of enchant weapon {unknown}
 p - a scroll of identify {unknown}
 s - a scroll of fog {unknown}
Potions
 e - a potion of invisibility {unknown}
 l - 2 potions of cancellation {unknown}
 m - 2 potions of flight {unknown}
 q - a potion of curing {unknown}
 r - a potion of haste {unknown}


   Skills:
 * Level 3.7 Fighting
 + Level 3.2 Polearms
 + Level 2.5 Throwing
 * Level 2.9 Armour
 + Level 2.8 Dodging


You had 4 spell levels left.
You didn't know any spells.
Your spell library was empty.

Dungeon Overview and Level Annotations

Branches:
Dungeon (3/15)

Altars:


Innate Abilities, Weirdness & Mutations

You are immune to sickness and miasma.
Your stone body is resilient. (AC +4)
You are immune to poison.
You resist negative energy. (rN+)
You are resistant to electric shocks. (rElec)
You are resistant to unholy torment.
You are immune to petrification.


Message History

No target in view!
No target in view!
No target in view!
i - 41 poisoned darts (gained 3)
Things that are here:
a +0 short sword; a kobold corpse You open the door. 3 endoplasms come into view.
The endoplasm quivers. 5 endoplasms and 3 jellies come into view.
Found four items.
The endoplasm quivers.
The jelly quivers.
The endoplasm quivers.
There is an open door here.
The endoplasm quivers.
You hit the endoplasm.
The endoplasm is severely wounded.
The endoplasm barely misses you.
You puncture the endoplasm!
You kill the endoplasm!
The endoplasm hits the fungus.
The fungus begins to die.
You hit the endoplasm.
The endoplasm is severely wounded.
Something hits the fungus.
The endoplasm completely misses you.
You hit the endoplasm but do no damage.
The endoplasm is severely wounded.
You puncture the jelly!
Your hands burn!
The jelly is heavily wounded.
You hit the jelly but do no damage. The acid corrodes you!
Your hands burn!
The jelly is heavily wounded.
A nearby fungus withers and dies.
The jelly barely misses you. The jelly hits you. The acid corrodes you!
You are splashed with acid!
You hit the jelly.
Your hands burn!
The jelly is severely wounded.
The jelly hits you.
You are splashed with acid!
* * * LOW HITPOINT WARNING * * *
You hit the jelly but do no damage.
Your hands burn!
* * * LOW HITPOINT WARNING * * *
The jelly is severely wounded.
The jelly hits you.
You die...

##.....###....#.#..
#.......# .. #....
#.......# #.#.#
#.......# ...#.#..
#.......# ...#.#.#
#....#### #........
#....'..###........
########.##........
##@)....###.......#
#J####### #...###.#
#JJJ÷.J...
#........
#.J.P.P...
#..####.#
#..÷..JJ.J
#..####.#
#..JP.P...
#.....†..
#...P.....
#..####.#
#......÷.)
#..####.#
##########
#........


You could see a jelly and 3 endoplasms.

Vanquished Creatures
  A hound (D:3)
  Robin (D:2)
  A gnoll (D:1)
  4 adders
  An ufetubus (D:3)
  A worm (D:2)
  A dart slug (D:1)
  4 ball pythons
  7 endoplasms
  A giant cockroach (D:1)
  13 goblins
  12 hobgoblins
  4 jackals (D:2)
  4 quokkas
  6 bats
  A frilled lizard (D:1)
  10 kobolds
  2 rats
74 creatures vanquished.

Vanquished Creatures (others)
  2 fungi (D:3)
  8 toadstools (D:3)
10 creatures vanquished.

Grand Total: 84 creatures vanquished

Notes
Turn   | Place    | Note
-------+----------+-------------------------------------------
     0 | D:1      | southernslant the Gargoyle Gladiator began the quest for
                  | the Orb.
     0 | D:1      | Reached XP level 1. HP: 12/12 MP: 1/1
   151 | D:1      | Reached XP level 2. HP: 15/18 MP: 2/2
   197 | D:1      | Reached skill level 1 in Armour
   310 | D:1      | Found a faded altar of an unknown god.
   566 | D:1      | Reached XP level 3. HP: 22/22 MP: 3/3
  1084 | D:2      | Reached XP level 4. HP: 19/28 MP: 4/4
  1217 | D:2      | Noticed Robin
  1256 | D:2      | Killed Robin
  1903 | D:2      | Reached XP level 5. HP: 32/32 MP: 5/5
  2579 | D:3      | HP: 1/33 [acid (1)]
  2579 | D:3      | Slain by a jelly

Illustrated notes

Levels and vault maps discovered:
D:1:      saegor_arrival_simple_c, layout_basic, shapermc_ecumenical_altar_venn
D:2:      layout_basic, minivault_26, nicolae_elevator_lobby_asterisk,
          uniq_robin
D:3:      cheibrodos_fertilizer, layout_basic, uniq_terence

Skill      XL: |  1  2  3  4 |
---------------+-------------+-----
Armour         | 1 2 |  2.9
Throwing       | 2 |  2.5
Fighting       | 3 |  3.7
Polearms       | 3 |  3.2
Dodging        | |  2.8

Action                   |  1- 3 |  4- 6 || total
-------------------------+-------+-------++-------
Melee: Trident           |   116 |   151 ||   267
       Punch             |     3 |     2 ||     5
Throw: Dart              |       |     7 ||     7
 Stab: Sleeping          |       |     1 ||     1
Armor: Leather armour    |    39 |    46 ||    85
Dodge: Dodged            |    88 |    83 ||   171

Table legend: (Time is in decaauts)
 A = Elapsed time spent in this place.
 B = Non-inter-level travel time spent in this place.
 C = Inter-level travel time spent in this place.
 D = Time resting spent in this place.
 E = Time spent auto-exploring this place.
 F = Levels seen in this place.
 G = Mean time per level.
                   A        B        C        D        E       F      G
               +--------+--------+--------+--------+--------+-----+--------+
         Total |   2618 |   2570 |     48 |      0 |   2011 |   3 |  872.7 |
       Dungeon |   2618 |   2570 |     48 |      0 |   2011 |   3 |  872.7 |
               +--------+--------+--------+--------+--------+-----+--------+

Top non-repeatable levels by time:
     D:2: 1373 daAuts
     D:1: 892 daAuts
     D:3: 352 daAuts
